 Dungeon Crawl Stone Soup version 0.27-a0-512-g57cc695410 (webtiles) character file.

Game seed: 4249554320860541782

407 sahdkjhfkaj the Covert (level 6, -1/32 HPs)
             Began as a Spriggan Delver on Mar 4, 2021.
             Slain by an adder skeleton (2 damage)
             ... on level 7 of the Dungeon.
             The game lasted 00:03:27 (735 turns).

sahdkjhfkaj the Covert (Spriggan Delver)             Turns: 735, Time: 00:03:27

Health: -1/32      AC:  4    Str:  8    XL:     6   Next: 57%
Magic:  8/8        EV: 21    Int: 18    God:
Gold:   12         SH:  0    Dex: 18    Spells: 5/5 levels left

rFire    . . .     SeeInvis +   a - +0 short sword
rCold    . . .     Faith    .   (shield restricted)
rNeg     . . .     Spirit   .   b - +0 robe
rPois    .         Reflect  .   l - +2 hat
rElec    .         Harm     .   (no cloak)
rCorr    .         Rampage  .   (gloves unavailable)
Will     +....                  (boots unavailable)
Stlth    ++++......             (no amulet)
HPRegen  0.10/turn              k - +6 ring of intelligence
MPRegen  0.11/turn              (no ring)

@: very quick
A: very small, unfitting armour, see invisible, speed 3
a: no special abilities


You were on level 7 of the Dungeon.
You visited 1 branch of the dungeon, and saw 5 of its levels.

You collected 12 gold pieces.

Inventory:

Hand Weapons
 a - a +0 short sword (weapon)
Armour
 b - a +0 robe (worn)
 h - a +1 hat
 l - a +2 hat (worn)
Jewellery
 k - a +6 ring of intelligence (left hand)
Wands
 g - a wand of digging (3)
 m - a wand of acid (2)
Scrolls
 c - a scroll of fog {!r}
 d - 4 scrolls of magic mapping {!r}
 e - a scroll of fear {!r}
 i - a scroll of blinking {!r, unknown}
 j - a scroll of amnesia {!r, unknown}
Potions
 f - 2 potions of haste {!q}


   Skills:
 - Level 3.0 Fighting
 - Level 4.0 Short Blades
 + Level 5.4 Dodging
 - Level 9.0 Stealth
 - Level 2.0 Invocations
 - Level 2.0 Evocations


You had 5 spell levels left.
You didn't know any spells.
Your spell library was empty.

Dungeon Overview and Level Annotations

Branches:
Dungeon (7/15)
 Temple: D:4-7

Altars:


Innate Abilities, Weirdness & Mutations

You are very small and have problems with some larger weapons.
You are too small for most types of armour.
You have supernaturally acute eyesight. (SInv)
You cover ground extremely quickly.


Message History

The hound closely misses you.
You hit the hound.
The hound is severely wounded.
The hound bites you but does no damage. The hound barely misses you.
You completely miss the hound.
The hound is severely wounded.
The hound misses you.
You hit the hound but do no damage.
The hound is severely wounded.
The hound bites you.
* * * LOW HITPOINT WARNING * * *
You closely miss the hound.
The hound is severely wounded.
The hound bites you.
* * * LOW HITPOINT WARNING * * *
The hound closely misses you.
You barely miss the hound.
The hound is severely wounded.
The hound bites you but does no damage.
You hit the hound but do no damage.
The hound is severely wounded.
The hound misses you.
You miss the hound.
The hound is severely wounded.
The hound barely misses you. The hound misses you.
You hit the hound but do no damage.
The hound is severely wounded.
The hound completely misses you.
You hit the hound.
The hound is severely wounded.
The hound closely misses you.
You hit the hound but do no damage.
The hound is severely wounded.
The hound bites you but does no damage. The hound misses you.
You hit the hound.
You kill the hound!
You hit the adder skeleton.
The adder skeleton is lightly damaged.
The adder skeleton bites you.
You die...

#.#.#.#.##.
#..........
###.#.#.## ##....#
##.#.# ##
#...###### ..
#.......Z5 .#
##.#########..###.
#.# #...@Z)..$...
#.###.######.####
#.....# #######


You could see an adder skeleton.

Vanquished Creatures
  An ogre (D:7)
  A phantom (D:7)
  2 centaurs
  A bullfrog (D:7)
  A hound (D:7)
  An ufetubus (D:7)
  A quokka (D:4)
  A ball python (D:4)
9 creatures vanquished.

Notes
Turn   | Place    | Note
-------+----------+-------------------------------------------
     0 | D:5      | sahdkjhfkaj the Spriggan Delver began the quest for the
                  | Orb.
     0 | D:5      | Reached XP level 1. HP: 11/11 MP: 2/2
     2 | D:5      | Noticed a worker ant
   234 | D:5      | Noticed a centaur
   235 | D:5      | Killed a centaur
   236 | D:5      | Reached skill level 5 in Dodging
   236 | D:5      | Reached XP level 2. HP: 16/16 MP: 3/3
   236 | D:5      | Reached XP level 3. HP: 19/19 MP: 4/4
   236 | D:5      | Reached XP level 4. HP: 23/23 MP: 5/5
   333 | D:6      | Noticed a centaur
   339 | D:6      | Killed a centaur
   340 | D:6      | Reached skill level 8 in Stealth
   340 | D:6      | Reached XP level 5. HP: 27/27 MP: 6/6
   349 | D:7      | Reached skill level 1 in Invocations
   349 | D:7      | Reached skill level 1 in Evocations
   690 | D:7      | Noticed an ogre
   697 | D:7      | Noticed a phantom
   704 | D:7      | Killed an ogre
   705 | D:7      | Reached skill level 9 in Stealth
   705 | D:7      | Reached XP level 6. HP: 5/32 MP: 6/8
   727 | D:7      | HP: 1/32 [hound (2)]
   735 | D:7      | Slain by an adder skeleton

Illustrated notes

Levels and vault maps discovered:
D:3:      layout_basic, minmay_hedge_maze, interstate_on_off,
          kennysheep_generic_room_5
D:4:      layout_basic, minitemple
D:5:      layout_cave_pools, tso_metal_star, minmay_temple_entry_fiery,
          uniq_prince_ribbit1
D:6:      layout_loops_cross, amethyst_overflow_temple_binary, uniq_menkaure,
          uniq_eustachio
D:7:      layout_loops_ring

Skill      XL: |  1  2  3  4  5  6 |
---------------+-------------------+-----
Dodging        | 5 |  5.4
Short Blades   | 3 4 |  4.0
Stealth        | 8 9 |  9.0
Invocations    | 2 |  2.0
Evocations     | 1 2 |  2.0
Fighting       | 3 |  3.0

Action                   |  1- 3 |  4- 6 || total
-------------------------+-------+-------++-------
Melee: Short sword       |    22 |    36 ||    58
Evoke: Wand              |       |     3 ||     3
 Stab: Sleeping          |     2 |     2 ||     4
Armor: Robe              |     3 |     5 ||     8
Dodge: Dodged            |    17 |    43 ||    60

Table legend: (Time is in decaauts)
 A = Elapsed time spent in this place.
 B = Non-inter-level travel time spent in this place.
 C = Inter-level travel time spent in this place.
 D = Time resting spent in this place.
 E = Time spent auto-exploring this place.
 F = Levels seen in this place.
 G = Mean time per level.
                   A        B        C        D        E       F      G
               +--------+--------+--------+--------+--------+-----+--------+
         Total |    622 |    622 |      0 |    363 |      0 |   5 |  124.4 |
       Dungeon |    622 |    622 |      0 |    363 |      0 |   5 |  124.4 |
               +--------+--------+--------+--------+--------+-----+--------+

Top non-repeatable levels by time:
     D:7: 207 daAuts
     D:6: 197 daAuts
     D:4: 161 daAuts
     D:5: 36 daAuts
     D:3: 19 daAuts
